 Dungeon Crawl Stone Soup version 0.32-a0-128-g77eb882913 (webtiles) character file.

Game seed: 175828402292996915

19513 hikkokomori the Grappler (level 12, -2/107 HPs)
             Began as a Troll Fighter on Feb 8, 2024.
             Was a Priest of Hepliaklqana.
             Slain by a two-headed ogre
             ... wielding a +0 giant club
              (10 damage)
             ... on level 1 of the Orcish Mines.
             The game lasted 00:27:46 (8456 turns).

hikkokomori the Grappler (Troll Fighter)            Turns: 8456, Time: 00:27:47

Health: -2/107     AC: 15    Str: 27    XL:     12   Next: 37%
Magic:  11/11      EV:  9    Int:  4    God:    Hepliaklqana [***...]
Gold:   1251       SH: 10    Dex: 13    Spells: 11/11 levels left

rFire   . .          .
                       - Unarmed
rCold   . . .        b - +0 kite shield
rNeg    . . .        F - +0 steam dragon scales
rPois   .            (helmet currently unavailable)
rElec   .            o - melded +0 cloak
rCorr   .            (gloves unavailable)
SInv    .            (boots unavailable)
Will    .....        (no amulet)
Stlth   ++           z - +4 ring of protection
HPRegen 1.17/turn    J - +4 ring of protection
MPRegen 0.12/turn

%: no passive effects
@: about to teleport, beast-form
A: beast (slay +4), reduced essence, large, unfitting armour, claws 3,
regeneration 1, shaggy fur 1, tough skin 1
a: Begin Untransformation, Renounce Religion, Recall Ancestor, Ancestor
Identity, Transference


You were on level 1 of the Orcish Mines.
You worshipped Hepliaklqana.
Hepliaklqana was most pleased with you.
You were a hulking beast.
You visited 3 branches of the dungeon, and saw 12 of its levels.
You also visited: Sewer.

You collected 1599 gold pieces.
You spent 348 gold pieces at shops.

Inventory:

Missiles
 C - a curare-tipped dart
Armour
 a - a +0 robe
 b - a +0 kite shield (worn)
 o - a +0 cloak (melded)
 F - +0 steam dragon scales (worn)
Jewellery
 z - a +4 ring of protection (left claw)
 G - a ring of protection from cold
 J - a +4 ring of protection (right claw)
Talismans
 H - a maw talisman
 I - a beast talisman (active)
Wands
 p - a wand of polymorph (6)
 s - a wand of iceblast (3)
 u - a wand of flame (13)
 y - a wand of paralysis (5)
Scrolls
 d - 3 scrolls of teleportation
 e - 4 scrolls of enchant armour
 h - 2 scrolls of fear
 l - a scroll of brand weapon {unknown}
 r - 3 scrolls of revelation
 x - a scroll of amnesia {unknown}
 A - a scroll of blinking
 D - a scroll of noise {unknown}
Potions
 c - a potion of might
 g - 6 potions of curing
 i - 3 potions of enlightenment
 j - a potion of haste
 k - a potion of cancellation
 m - a potion of resistance
 q - 2 potions of heal wounds
 t - 2 potions of lignification
 v - a potion of brilliance
 w - 2 potions of ambrosia
Miscellaneous
 f - a sack of spiders
 E - a condenser vane (inert)
 K - a phantom mirror


   Skills:
 - Level 8.0 Fighting
 - Level 6.0 Throwing
 - Level 2.4 Dodging
 - Level 2.0 Stealth
 + Level 6.9 Shields
 - Level 9.1 Unarmed Combat
 - Level 7.0 Evocations
 - Level 8.5 Shapeshifting


You had 11 spell levels left.
You didn't know any spells.
Your spell library contained the following spells:

 Spells                   Type           Power      Damage    Failure   Level
 Kiss of Death            Conj/Necr      0%         2d5       71%         1
 Sandblast                Erth           0%         2d4       71%         1
 Slow                     Hex            0%         N/A       71%         1
 Sting                    Conj/Alch      0%         1d3       71%         1
 Mercury Vapours          Alch/Air       0%         N/A       83%         2
 Scorch                   Fire           0%         2d5       83%         2
 Call Canine Familiar     Summ           0%         N/A       97%         3
 Confusing Touch          Hex            0%         N/A       97%         3
 Passwall                 Erth           0%         N/A       97%         3
 Sigil of Binding         Hex            0%         N/A       97%         3
 Stone Arrow              Conj/Erth      0%         3d7       97%         3
 Vampiric Draining        Necr           0%         2d6       97%         3
 Brom's Barrelling Bould  Conj/Erth      0%         2d3       100%        4
 Dimensional Bullseye     Hex/Tloc       0%         N/A       100%        4
 Flame Wave               Conj/Fire      0%         2d4       100%        4
 Olgreb's Toxic Radiance  Alch           0%         N/A       100%        4
 Vhi's Electric Charge    Tloc/Air       0%         N/A       100%        4
 Silence                  Hex/Air        0%         N/A       100%        5
 Summon Cactus Giant      Summ           0%         N/A       100%        6
 Haunt                    Necr/Summ      0%         N/A       100%        7


Dungeon Overview and Level Annotations

Branches:
Dungeon (9/15)             Temple (1/1) D:5            Lair (0/5) D:9
    Orc (2/2) D:9             Elf (0/3) Orc:2         Sewer (visited)

Altars:
Ashenzari
Cheibriados
Dithmenos
Elyvilon
Fedhas
Gozag
Hepliaklqana
Makhleb
Nemelex Xobeh
Okawaru
Qazlal
Sif Muna
Vehumet
Xom
Yredelemnul
The Shining One

Shops:
D:4 (   D:7 *   Orc:1 ?   Orc:2 [

Annotations:
D:4 3 runed translucent doors, Gangsterbeez's ghost, amateur MiFi
D:6 1 runed translucent door, jasper's ghost, novice OnGl


Innate Abilities, Weirdness & Mutations

You are a hulking beast.
Your limbs bulge with bestial killing power. (Slay +4)
Your life essence is reduced to manifest your ancestor. (-10% HP)
You are too large for most types of armour.
You have claws for hands.
Your natural rate of healing is unusually fast.
You are covered in fur. (AC +1)
You have tough skin. (AC +1)


Message History

You block the two-headed ogre's attack.
The two-headed ogre hits you with a +0 giant club!
The two-headed ogre hits you with a +0 giant club.
The two-headed ogre barely misses you.
Ntombi hits the two-headed ogre with a +0 dagger of draining!
You climb upwards.
There is a stone staircase leading down, spattered with blood here.
Unknown command.
Unknown command.
Unknown command.
As you read the scroll of teleportation, it crumbles to dust.
You feel strangely unstable.
Ntombi casts a spell at the troll.
The troll resists with significant effort.
You block the troll's attack. x3
The two-headed ogre hits you with a +0 giant club.
The two-headed ogre hits you with a +0 giant spiked club!
The two-headed ogre hits you with a +0 giant club!!
* * * LOW HITPOINT WARNING * * *
The two-headed ogre hits you with a +0 giant club!
* * * LOW HITPOINT WARNING * * *
The two-headed ogre attacks as it pursues you!
The two-headed ogre closely misses you. You block the two-headed ogre's attack.
Ntombi points at the troll and mumbles some strange words.
The troll appears confused.
The troll barely misses you. The troll claws you but does no damage.
The troll closely misses you.
Unknown command.
Unknown command.
Ntombi hits the troll with a +0 dagger of draining.
Ntombi drains the troll.
The two-headed ogre hits Ntombi with a +0 giant club!!
The two-headed ogre hits Ntombi with a +0 giant spiked club!
Ntombi is destroyed!
The troll screams, "I'll kill you anyway!"
The two-headed ogre attacks as it pursues you!
You block the two-headed ogre's attack. x2
The two-headed ogre attacks as it pursues you!
The two-headed ogre hits you with a +0 giant club!
You die...
Hepliaklqana delivers you to your ancestors.

##..[.)[[....#.......#
##.#.#[#..[.[)...#..####
#########.[.[...#.###.##
#..........#...##
##..._..........#######
##..........(...#.#.#.
#......##.(((((.......
##.O.T.##.(((((.).#...
#..>Oh..#..((((.))####
##.)O...#..(((...## #
##............### #
##......#....#
###...####.## ##...# ###
#.#.# #####


You could see 3 two-headed ogres and a troll (confused, drained).

Vanquished Creatures
  2 orc warlords (Orc:1)
  6 two-headed ogres
  3 orc knights (Orc:1)
  An orc sorcerer (Orc:1)
  A cyclops (D:9)
  5 kobold blastminers
  4 trolls
  7 wyverns
  3 yaks (D:9)
  A warg (Orc:1)
  2 steam dragons (D:8)
  4 water moccasins
  20 orc warriors
  Pargi (Sewer)
  2 ice beasts
  2 black bears
  9 ogres
  A centaur (D:8)
  A phantom (D:6)
  A kobold brigand (D:6)
  A brain worm (Sewer)
  A bullfrog (D:7)
  2 scorpions
  5 killer bees (D:9)
  2 howler monkeys
  2 electric eels (D:9)
  2 bombardier beetles
  2 hounds
  4 jellies
  25 orc priests
  A gnoll bouda (D:7)
  5 iguanas
  Natasha (thrice) (D:4)
  19 orc wizards
  Robin (D:3)
  10 adders
  11 gnolls
  2 river rats (D:3)
  2 shadow imps (D:6)
  4 white imps
  4 ufetubi
  3 ribbon worms
  2 dart slugs
  65 orcs
  6 ball pythons
  11 bats
  14 endoplasms
  8 giant cockroaches
  12 goblins
  11 hobgoblins
  4 jackals (D:2)
  10 kobolds
  6 quokkas
  6 frilled lizards
  6 rats
348 creatures vanquished.

Vanquished Creatures (collateral kills)
  A warg (Orc:2)
  10 orc warriors
  2 ogres
  A kobold brigand (D:8)
  2 orc priests (Orc:2)
  7 orc wizards
  14 orcs
  2 bats (Orc:2)
  2 goblins (D:6)
  2 kobolds (D:8)
43 creatures vanquished.

Vanquished Creatures (others)
  9 hexers
  2 ancestors
  2 kobolds (D:8)
13 creatures vanquished.

Grand Total: 404 creatures vanquished

Notes
Turn   | Place    | Note
-------+----------+-------------------------------------------
     0 | D:1      | hikkokomori the Troll Fighter began the quest for the Orb.
     0 | D:1      | Reached XP level 1. HP: 22/22 MP: 0/0
   248 | D:1      | Reached XP level 2. HP: 29/29 MP: 1/1
   685 | D:2      | Reached XP level 3. HP: 36/36 MP: 2/2
   822 | D:2      | Reached skill level 3 in Unarmed Combat
   857 | D:2      | You fall into a shaft and drop 1 floor!
   904 | D:3      | Found a glowing drain.
   912 | D:3      | Reached XP level 4. HP: 44/44 MP: 3/3
   918 | Sewer    | Entered a sewer
   940 | Sewer    | Noticed a brain worm
   952 | Sewer    | Killed a brain worm
   953 | Sewer    | Reached XP level 5. HP: 48/50 MP: 2/4
   954 | Sewer    | Noticed Pargi
   972 | Sewer    | Killed Pargi
   973 | Sewer    | Reached skill level 4 in Unarmed Combat
  1260 | D:3      | Reached XP level 6. HP: 59/59 MP: 5/5
  1907 | D:3      | Noticed Robin
  1924 | D:3      | Killed Robin
  1953 | D:3      | Found a white marble altar of Elyvilon.
  2252 | D:4      | Reached skill level 5 in Shields
  2252 | D:4      | Reached skill level 5 in Unarmed Combat
  2314 | D:4      | Noticed Natasha
  2322 | D:4      | Killed Natasha
  2332 | D:4      | Found a runed translucent gate.
  2332 | D:4      | Found a runed translucent gate.
  2332 | D:4      | Found a runed translucent gate.
  2333 | D:4      | Found an opulent altar of Gozag.
  2333 | D:4      | Noticed an orc warrior
  2333 | D:4      | Noticed an orc warrior
  2333 | D:4      | Noticed Gangsterbeez's ghost (amateur MiFi)
  2652 | D:4      | Reached skill level 1 in Throwing
  2682 | D:4      | Reached XP level 7. HP: 66/66 MP: 6/6
  2712 | D:4      | Noticed Natasha
  2747 | D:4      | Killed Natasha
  2813 | D:4      | Found Feucruir's Antique Weapon Shop.
  2958 | D:4      | Noticed Natasha
  2971 | D:4      | Killed Natasha
  3074 | D:5      | Entered Level 5 of the Dungeon
  3295 | D:5      | Found a staircase to the Ecumenical Temple.
  3325 | Temple   | Entered the Ecumenical Temple
  3341 | Temple   | Became a worshipper of Hepliaklqana the Forgotten
  3386 | D:5      | Reached skill level 6 in Unarmed Combat
  3392 | D:5      | Reached skill level 1 in Evocations
  3761 | D:5      | Reached XP level 8. HP: 75/78 MP: 7/7
  3872 | D:5      | Reached skill level 1 in Stealth
  4412 | D:6      | Found a runed translucent door.
  4413 | D:6      | Noticed jasper's ghost (novice OnGl)
  4615 | D:6      | Reached * piety under Hepliaklqana
  4669 | D:6      | Found an iron altar of Okawaru.
  4680 | D:6      | Reached skill level 5 in Fighting
  4858 | D:7      | Reached skill level 7 in Unarmed Combat
  4858 | D:7      | Reached XP level 9. HP: 66/79 MP: 8/8
  4864 | D:7      | Found a shadowy altar of Dithmenos.
  4995 | D:7      | Found Efuinaerch's Assorted Antiques.
  5003 | D:7      | Bought a scroll of identify for 38 gold pieces
  5003 | D:7      | Bought a scroll labelled WAPSEBAUCI for 19 gold pieces
  5003 | D:7      | Bought a scroll labelled ZETWIT MOYM CAAD for 19 gold
                  | pieces
  5082 | D:7      | Found a snail-covered altar of Cheibriados.
  5743 | D:8      | Found a shimmering blue altar of Sif Muna.
  5762 | D:8      | Reached skill level 1 in Shapeshifting
  5813 | D:8      | Found a sparkling altar of Nemelex Xobeh.
  5889 | D:8      | Reached skill level 8 in Unarmed Combat
  6042 | D:9      | Noticed a cyclops
  6051 | D:9      | Killed a cyclops
  6097 | D:9      | Reached XP level 10. HP: 42/88 MP: 9/9
  6179 | D:9      | Reached skill level 5 in Evocations
  6204 | D:9      | Reached skill level 5 in Throwing
  6257 | D:9      | Reached ** piety under Hepliaklqana
  6258 | D:9      | Remembered your ancestor Ntombi as a hexer
  6361 | D:9      | Found a staircase to the Lair.
  6383 | D:9      | Reached skill level 5 in Shapeshifting
  6460 | D:9      | Noticed a two-headed ogre
  6473 | D:9      | Killed a two-headed ogre
  6624 | D:9      | Noticed a two-headed ogre
  6632 | D:9      | Killed a two-headed ogre
  6769 | D:9      | Found a staircase to the Orcish Mines.
  6799 | Orc:1    | Entered Level 1 of the Orcish Mines
  6805 | Orc:1    | Reached XP level 11. HP: 96/96 MP: 10/10
  6820 | Orc:1    | Found Nacaxuy's Magic Scroll Shoppe.
  6830 | Orc:1    | Bought a scroll of blinking for 97 gold pieces
  6830 | Orc:1    | Bought a scroll of revelation for 97 gold pieces
  6830 | Orc:1    | Bought a scroll of fear for 52 gold pieces
  6830 | Orc:1    | Bought a scroll of identify for 26 gold pieces
  6898 | Orc:2    | Entered Level 2 of the Orcish Mines
  7077 | Orc:2    | Found a staircase to the Elven Halls.
  7146 | Orc:2    | Found a burning altar of Makhleb.
  7381 | Orc:1    | Noticed an orc sorcerer
  7387 | Orc:1    | Paralysed by an orc sorcerer for 3 turns
  7390 | Orc:1    | Killed an orc sorcerer
  7522 | Orc:1    | Noticed an orc knight
  7549 | Orc:1    | Killed an orc knight
  7613 | Orc:1    | Noticed a two-headed ogre
  7616 | Orc:1    | Noticed an orc warlord
  7679 | Orc:1    | Noticed an orc sorcerer
  7681 | Orc:1    | an orc sorcerer changed into a troll
  7697 | Orc:1    | Killed a two-headed ogre
  7710 | Orc:1    | Killed an orc warlord
  7721 | Orc:1    | Reached *** piety under Hepliaklqana
  7739 | Orc:1    | Noticed an orc warlord
  7752 | Orc:1    | Noticed an orc knight
  7762 | Orc:1    | Killed an orc warlord
  7791 | Orc:1    | Identified the +8 triple sword "Keinud" {freeze, Str+3}
  7802 | Orc:1    | Killed an orc knight
  7805 | Orc:1    | Reached XP level 12. HP: 71/107 MP: 11/11
  7971 | Orc:1    | Reached skill level 9 in Unarmed Combat
  8163 | Orc:1    | Got Qieff's Dissertation on the Creeping Storm
  8334 | Orc:2    | Found Feyst's Armour Emporium.
  8336 | Orc:2    | Noticed a two-headed ogre
  8338 | Orc:2    | Noticed a two-headed ogre
  8338 | Orc:2    | Noticed a two-headed ogre
  8338 | Orc:2    | Noticed a two-headed ogre
  8338 | Orc:2    | Noticed an ogre mage
  8349 | Orc:2    | Killed a two-headed ogre
  8351 | Orc:2    | Noticed a two-headed ogre
  8351 | Orc:2    | Noticed a two-headed ogre
  8354 | Orc:2    | Killed a two-headed ogre
  8354 | Orc:2    | Noticed a two-headed ogre
  8358 | Orc:2    | Noticed a two-headed ogre
  8372 | Orc:1    | Killed a two-headed ogre
  8456 | Orc:1    | Slain by a two-headed ogre

Illustrated notes

Levels and vault maps discovered:
D:1:      dpeg_arrival_erosion, layout_loops_ring, minmay_misc_feat_tiny,
          st_stairs_12
D:2:      layout_basic
D:3:      layout_loops_cross, nicolae_elyvilon_peaceful_grove,
          portal_sewer_entry_e, uniq_robin
D:4:      layout_loops_ring, serial_shops, shop, ebering_ghost_gozag,
          moated_statue, uniq_natasha
D:5:      layout_basic, temple_fountains
D:6:      layout_basic, kennysheep_okawaru_gauntlet,
          ebering_ghost_reflecting_pool, blue_anna_alchemist,
          minmay_curled_crystal, chequers_serial_rivers_micro_e,
          grunt_ministairs_10, chequers_mini_garden, minmay_increasing_density
D:7:      layout_cave_pools, nicolae_overflow_hidden_temple, serial_shops,
          nicolae_stop_n_shop_2, serial_glass, glass_columns_b, glass_columns_b
D:8:      black_bear_nest_2, layout_basic, kennysheep_orc_sif_temple,
          nemelex_diamond_rough_becter
D:9:      layout_basic, minmay_lair_entry_grove, erik_orc_2,
          nicolae_lava_and_water
Temple:   nicolae_temple_bog_church
Orc:1:    layout_diamond_mine, serial_shops, nicolae_shop_tiny_statue_garden,
          basic_altar, nicolae_orc_rockfall, minmay_orc_treasury
Orc:2:    st_orc_open, layout_caves, basic_altar, blackcustard_mines_bat_river

Skill      XL: |  1  2  3  4  5  6  7  8  9 10 11 12 |
---------------+-------------------------------------+-----
Shields        | 3 4 5 6 |  6.9
Unarmed Combat | 3 4 5 6 7 8 9 |  9.1
Throwing       | 1 2 4 6 |  6.0
Fighting       | 4 5 6 7 8 |  8.0
Evocations     | 2 3 4 5 6 7 |  7.0
Stealth        | 2 |  2.0
Shapeshifting  | 2 5 8 |  8.5
Dodging        | |  2.4

Action                     |  1- 3 |  4- 6 |  7- 9 | 10-12 || total
---------------------------+-------+-------+-------+-------++-------
  Melee: Unarmed           |    92 |   168 |   319 |   339 ||   918
  Throw: Javelin           |       |     2 |     5 |    25 ||    32
         Dart              |       |       |       |     2 ||     2
 Invoke: Ancestor Identity |       |       |     1 |       ||     1
         Ancestor Life: He |       |       |       |     1 ||     1
         Recall Ancestor   |       |       |       |     1 ||     1
  Evoke: Wand              |       |       |     1 |    21 ||    22
         Condenser vane    |       |       |       |     1 ||     1
    Use: Scroll            |     5 |     1 |     4 |     8 ||    18
         Potion            |       |       |       |     4 ||     4
   Stab: Sleeping          |       |       |     3 |     1 ||     4
         Distracted        |       |       |     1 |       ||     1
         Paralysed         |       |       |       |     7 ||     7
         Confused          |       |       |       |     4 ||     4
 Armour: Robe              |    50 |    91 |   196 |       ||   337
         Skin              |       |       |     1 |     8 ||     9
         Steam dragon scal |       |       |    44 |   259 ||   303
  Dodge: Dodged            |    32 |    54 |   140 |    96 ||   322
  Block: Kite shield       |    39 |    89 |   176 |   179 ||   483
   Form: Beast             |       |       |       |     1 ||     1

Table legend: (Time is in decaauts)
 A = Elapsed time spent in this place.
 B = Non-inter-level travel time spent in this place.
 C = Inter-level travel time spent in this place.
 D = Time resting spent in this place.
 E = Time spent auto-exploring this place.
 F = Levels seen in this place.
 G = Mean time per level.
                   A        B        C        D        E       F      G
               +--------+--------+--------+--------+--------+-----+--------+
         Total |   8451 |   8225 |    226 |    420 |   5281 |  13 |  650.1 |
       Dungeon |   6644 |   6476 |    168 |    113 |   4735 |   9 |  738.2 |
        Temple |     35 |      4 |     31 |      0 |      0 |   1 |   35.0 |
  Orcish Mines |   1648 |   1621 |     27 |    307 |    538 |   2 |  824.0 |
         Sewer |    123 |    123 |      0 |      0 |      8 |   1 |  123.0 |
               +--------+--------+--------+--------+--------+-----+--------+

Top non-repeatable levels by time:
   Orc:1: 1142 daAuts
     D:6: 985 daAuts
     D:4: 831 daAuts
     D:5: 800 daAuts
     D:9: 784 daAuts
     D:2: 751 daAuts
     D:3: 705 daAuts
     D:8: 685 daAuts
     D:1: 674 daAuts
   Orc:2: 506 daAuts
     D:7: 427 daAuts
   Sewer: 123 daAuts
  Temple: 35 daAuts
